 Dungeon Crawl Stone Soup version 0.24.0-123-gd5b16e6ec5 (webtiles) character file.

Game seed: 9011474727203723025, levelgen mode: deterministic

19 mopl the Insei (level 2, 0/14 HPs)
             Began as a Vine Stalker Transmuter on Dec 19, 2019.
             Slain by Jessica (3 damage)
             ... on level 2 of the Dungeon.
             The game lasted 00:02:50 (672 turns).

mopl the Insei (Vine Stalker Transmuter)             Turns: 672, Time: 00:02:50

Health: 0/14       AC:  2    Str: 12    XL:     2   Next: 75%
Magic:  0/6        EV: 12    Int: 13    God:
Gold:   68         SH:  0    Dex: 14    Spells: 3/6 levels left

rFire    . . .     SeeInvis .     - Unarmed
rCold    . . .     Gourm    .   (no shield)
rNeg     . . .     Faith    .   b - +0 robe
rPois    .         Spirit   +   (no helmet)
rElec    .         Reflect  .   (no cloak)
rCorr    .         Harm     .   (no gloves)
MR       .....                  (boots currently unavailable)
Stlth    +.........             j - amulet of the acrobat
HPRegen  0.04/turn              (no ring)
MPRegen  0.10/turn              (no ring)

@: appendage (expiring), slowed, very slow
A: fangs 2, talons 3, magic shield, antimagic bite, no potion heal 3, rot
immunity
a: End Transformation


You were on level 2 of the Dungeon.
You were not hungry.
You had grown temporary talons.
You visited 1 branch of the dungeon, and saw 2 of its levels.

You collected 68 gold pieces.

Inventory:

Missiles
 a - 11 arrows
Armour
 b - a +0 robe (worn)
 e - a +0 plate armour
Jewellery
 j - an amulet of the acrobat (around neck)
Scrolls
 c - a scroll of identify {unknown}
 g - a scroll of teleportation {unknown}
 h - a scroll of fear {unknown}
Potions
 i - a potion of flight {unknown}
Comestibles
 d - 3 rations
 f - a chunk of flesh


   Skills:
 - Level 0.8 Fighting
 - Level 1.5 Dodging
 + Level 3.3 Unarmed Combat
 + Level 2.6 Spellcasting
 + Level 2.4 Transmutations


You had 3 spell levels left.
You knew the following spells:

 Your Spells              Type           Power        Failure   Level  Hunger
a - Beastly Appendage     Tmut           #.....       9%          1    #......
w - Sticks to Snakes      Tmut           #.......     13%         2    ###....

Your spell library contained the following spells:

 Spells                   Type           Power        Failure   Level  Hunger
 Spider Form              Tmut/Pois      #.........   41%         3    ###....
 Ice Form                 Ice/Tmut       #.......     82%         4    #####..
 Blade Hands              Tmut           #.........   94%         5    ######.


Dungeon Overview and Level Annotations

Branches:
Dungeon (2/15)

Altars:

Annotations:
D:2 Jessica


Innate Abilities, Weirdness & Mutations

You have extremely sharp teeth.
When hurt, damage is shared between your health and your magic reserves.
Your bite disrupts and absorbs the magic of your enemies.
Potions cannot restore your health.
You are immune to rotting.
You have claws for feet.


Message History

You hit Jessica. Your kick misses Jessica.
Jessica is moderately wounded.
Jessica closely misses you. The rat bites you but does no damage.
Unknown command.
You hit Jessica but do no damage.
Jessica is moderately wounded.
Jessica gestures wildly while chanting.
Jessica seems to speed up.
The rat completely misses you. Jessica misses you. The rat barely misses you.
You hit Jessica but do no damage. Your kick misses Jessica. You bite Jessica.
Jessica's magic leaks into the air.
You drain her magic.
You feel invigorated.
Jessica is moderately wounded.
Jessica hits you.
Jessica falters for a moment.
The rat closely misses you.
Casting: Beastly Appendage (safe; 9% risk of failure)
Confirm with . or Enter, or press ? or * to list all spells.
You create a snake!
You now have 11 arrows.
Jessica hits you. The rat bites you.
* * * LOW HITPOINT WARNING * * *
Jessica hits you.
You die...

#####
#..S#
♣@@.♣
#..r†...#
#.<.♣...+
#... ...#
##♣. .♣##
#. .# ##
##


You could see Jessica, a rat and a friendly ball python.

Vanquished Creatures
  3 giant cockroaches (D:1)
  3 goblins (D:1)
  2 bats (D:1)
  5 frilled lizards
  3 kobolds (D:1)
  3 rats (D:1)
19 creatures vanquished.

Notes
Turn   | Place    | Note
-------+----------+-------------------------------------------
     0 | D:1      | mopl the Vine Stalker Transmuter began the quest for the
                  | Orb.
     0 | D:1      | Reached XP level 1. HP: 9/9 MP: 4/4
    66 | D:1      | Reached XP level 2. HP: 14/14 MP: 4/6
    83 | D:1      | Learned a level 2 spell: Sticks to Snakes
   657 | D:2      | Noticed Jessica
   672 | D:2      | Slain by Jessica

Levels and vault maps discovered:
D:1:      saegor_arrival_simple_b, layout_basic
D:2:      layout_basic, grunt_ministairs_7, trog_three_pillars_becter,
          uniq_crazy_yiuf_cottage, uniq_jessica

Action                   || total
-------------------------++-------
Melee: Unarmed           ||    53
       Kick              ||     4
       Bite              ||     8
       Headbutt          ||     4
 Cast: Beastly Appendage ||    10
       Sticks to Snakes  ||     1
Armor: Robe              ||    12
Dodge: Dodged            ||    35
